 Dungeon Crawl Stone Soup version 0.17.0-27-g4a3f43e (webtiles) character file.

111 Clownie the Ruffian (level 4, 0/31 HPs)
             Began as an Octopode Berserker on Nov 21, 2015.
             Was a Believer of Trog.
             Slain by Mazeltov's ghost (12 damage)
             ... on level 4 of the Dungeon.
             The game lasted 00:03:33 (2250 turns).

Clownie the Ruffian (Octopode Berserker)            Turns: 2250, Time: 00:03:33

Health: 0/31       AC: 11    Str: 18    XL:     4   Next: 92%
Magic:  4/4        EV: 12    Int:  9    God:    Trog [**....]
Gold:   134        SH:  4    Dex: 11    Spells: 0 memorised, 3 levels left

rFire  . . .     SeeInvis .       - Unarmed
rCold  . . .     Clarity  .     n - +0 buckler
rNeg   . . .     SustAt   .     (helmet restricted)
rPois  .         Gourm    .     o - amulet of resist mutation
rElec  .         Spirit   .     (no ring)
rCorr  .         Warding  .     (no ring)
rMut   +         Stasis   .     (no ring)
MR     .....                    (no ring)
Stlth  ++........               (no ring)
                                (no ring)
                                (no ring)
                                (no ring)

@: exhausted, slowed, very slow, not resistant to hostile enchantments,
unstealthy
A: almost no armour, amphibious, 8 rings, constrict 8, iridescent scales 1,
rough black scales 1, slimy green scales 1, camouflage 1, strong 1, gelatinous
body 1
a: Berserk, Trog's Hand, Burn Spellbooks, Renounce Religion


You were on level 4 of the Dungeon.
You worshipped Trog.
Trog was pleased with you.
You were very hungry.

You visited 1 branch of the dungeon, and saw 4 of its levels.

You collected 134 gold pieces.

Inventory:

Armour
 n - a +0 buckler (worn)
Jewellery
 o - an amulet of resist mutation (around mantle)
 q - an uncursed ring of ice
 t - an uncursed ring of wizardry {unknown}
Wands
 p - a wand of slowing (19)
 s - a wand of confusion (11)
Scrolls
 b - 2 scrolls of immolation {unknown}
 e - 5 scrolls of identify
 f - 2 scrolls of teleportation {unknown}
 g - a scroll of fear {unknown}
 h - 3 scrolls of noise {unknown}
 i - a scroll of blinking {unknown}
 k - 3 scrolls of remove curse {unknown}
 l - a scroll of amnesia {unknown}
 m - a scroll of recharging {unknown}
Potions
 c - a potion of heal wounds
 r - 2 potions of curing
 u - a potion of berserk rage {unknown}
Comestibles
 a - a bread ration
 d - a slice of pizza
 j - a royal jelly


   Skills:
 - Level 3.0 Fighting
 - Level 3.0 Dodging
 + Level 1.9 Shields
 - Level 5.0 Unarmed Combat


You had 3 spell levels left.
You didn't know any spells.

Dungeon Overview and Level Annotations

Branches:
Dungeon (4/15)
 Temple: D:4-7

Altars:
Cheibriados

Annotations:
D:4 Mazeltov's ghost, amateur HOFi


Innate Abilities, Weirdness & Mutations

You cannot wear most types of armour.
You are amphibious.
You can wear up to eight rings at the same time.
You can use your tentacles to constrict eight enemies at once.
Your skin changes colour to match your surroundings (Stealth).
Your rubbery body absorbs attacks (AC +1).
You are partially covered in iridescent scales (AC +4).
You are partially covered in rough black scales (AC +4, Dex -1).
You are partially covered in slimy green scales (AC +2).
Your muscles are strong. (Str +2)


Message History

Your skin stops crawling.
You feel less resistant to hostile enchantments.
Mazeltov's ghost closely misses you.
You tentacle-slap Mazeltov's ghost. You squeeze Mazeltov's ghost!
Mazeltov's ghost is moderately damaged.
Mazeltov's ghost misses you. Mazeltov's ghost hits you!
You tentacle-slap Mazeltov's ghost but do no damage.
Mazeltov's ghost is moderately damaged.
Mazeltov's ghost closely misses you.
You tentacle-slap Mazeltov's ghost.
Mazeltov's ghost is moderately damaged.
Mazeltov's ghost barely misses you.
You tentacle-slap Mazeltov's ghost.
Mazeltov's ghost is heavily damaged.
Mazeltov's ghost hits you but does no damage.
You barely miss Mazeltov's ghost.
Mazeltov's ghost is heavily damaged.
Mazeltov's ghost says, "Are you willing to die fighting?
I was!"
Mazeltov's ghost hits you! x2
You die...

#. #.#.. .##.... .....#
#...?# #....# #....#
###.#....# #.#..#.
.........#########.#...
###.......W@.....#.#..#
#.##..########.#.#..# #
#.............#..#
#.#########.#.#..######
#. #...........# #.
#.#†......#.# ..
#....####.#.# # #.#..#
#.#.# #.#..# #.#.#


You could see Mazeltov's ghost.

Vanquished Creatures
  An orc wizard (D:4)
  2 adders
  3 oozes
  A worm (D:3)
  A giant gecko (D:4)
  3 orcs
  9 bats
  3 goblins (D:1)
  5 hobgoblins
  4 jackals (D:3)
  6 kobolds
  2 quokkas
  A giant cockroach (D:3)
  3 giant newts
  3 rats
47 creatures vanquished.

Notes
Turn   | Place    | Note
--------------------------------------------------------------
     0 | D:1      | Clownie the Octopode Berserker began the quest for the Orb.
     0 | D:1      | Reached XP level 1. HP: 16/16 MP: 1/1
   313 | D:1      | Reached XP level 2. HP: 21/21 MP: 2/2
   723 | D:1      | Reached skill level 4 in Unarmed Combat
   865 | D:2      | Reached XP level 3. HP: 23/26 MP: 3/3
  1039 | D:2      | HP: 1/26 [poisoned by an adder]
  1580 | D:3      | Reached ** piety under Trog
  1656 | D:3      | Reached XP level 4. HP: 19/31 MP: 4/4
  1659 | D:3      | Gained mutation: You are partially covered in iridescent scales (AC +4). [potion of mutation]
  1659 | D:3      | Gained mutation: You are partially covered in rough black scales (AC +4, Dex -1). [potion of mutation]
  1659 | D:3      | Gained mutation: You are partially covered in slimy green scales (AC +2). [potion of mutation]
  1839 | D:3      | Gained mutation: Your muscles are strong. (Str +2) [potion of beneficial mutation]
  2089 | D:3      | Found a snail-covered altar of Cheibriados.
  2137 | D:4      | Reached skill level 5 in Unarmed Combat
  2223 | D:4      | Noticed Mazeltov's ghost (amateur HOFi)
  2241 | D:4      | Reached skill level 1 in Shields
  2250 | D:4      | Slain by Mazeltov's ghost

Action                   |  1- 3 |  4- 6 || total
-------------------------+-------+-------++-------
Melee: Unarmed           |    67 |    46 ||   113
Invok: Berserk           |     2 |     1 ||     3
       Trog's Hand       |       |     1 ||     1
  Use: Potion            |     3 |     3 ||     6
       Scroll            |       |     3 ||     3
 Stab: Sleeping          |    11 |     2 ||    13
  Eat: Chunk             |     4 |     2 ||     6
